 Dungeon Crawl Stone Soup version 0.21.1-1-g345015f (console) character file.

182 fly the Sneak (level 5, -1/24 HPs)
             Began as a Spriggan Enchanter on May 7, 2018.
             Killed from afar by an orc wizard (10 damage)
             ... with a puff of flame
             ... on level 3 of the Dungeon on May 9, 2018.
             The game lasted 00:08:26 (2815 turns).

fly the Sneak (Spriggan Enchanter)                  Turns: 2815, Time: 00:08:27

Health: -1/24      AC:  2    Str:  4    XL:     5   Next: 34%
Magic:  10/10      EV: 22    Int: 16    God:
Gold:   82         SH:  0    Dex: 18    Spells: 7/10 levels left

rFire    . . .     SeeInvis +   a - +3 dagger (speed)
rCold    . . .     Gourm    .   (shield restricted)
rNeg     . . .     Faith    .   b - +0 robe
rPois    .         Spirit   .   (helmet restricted)
rElec    .         Reflect  .   (no cloak)
rCorr    .         Harm     .   (gloves unavailable)
MR       .....                  (boots unavailable)
Stlth    +++.......             (no amulet)
HPRegen  0.08/turn              j - ring of flight
MPRegen  0.12/turn              (no ring)

@: very quick
A: very small, unfitting armour, see invisible, herbivore, speed 3, slow
metabolism 2
a: Evoke Flight


You were on level 3 of the Dungeon.
You were very hungry.

You visited 1 branch of the dungeon, and saw 3 of its levels.

You collected 82 gold pieces.

Inventory:

Hand Weapons
 a - a +3 dagger of speed (weapon)
Armour
 b - a +0 robe (worn)
Jewellery
 j - a ring of flight (left hand)
Scrolls
 f - 3 scrolls of remove curse {unknown}
 g - a scroll of magic mapping {unknown}
 h - a scroll of fear {unknown}
 i - a scroll of identify {unknown}
 k - a scroll of noise {unknown}
Potions
 e - a potion of curing {unknown}
Books
 c - a book of Maledictions

   Spells                             Type                      Level
   a - Corona                         Hexes                        1
   b - Ensorcelled Hibernation        Hexes/Ice                    2
   c - Confuse                        Hexes                        3
   d - Tukima's Dance                 Hexes                        3
   e - Dazzling Spray                 Conjuration/Hexes            3
Comestibles
 d - 2 rations


   Skills:
 - Level 3.0 Short Blades
 - Level 6.0 Dodging
 - Level 6.0 Stealth
 + Level 3.0 Spellcasting
 + Level 3.6 Hexes


You had 7 spell levels left.
You knew the following spells:

 Your Spells              Type           Power        Failure   Level  Hunger
c - Corona                Hex            ##.....      4%          1    #......
z - Ensorcelled Hibernat  Hex/Ice        #.....       13%         2    ##.....


Dungeon Overview and Level Annotations

Branches:
Dungeon (3/15)

Altars:
Uskayaw


Innate Abilities, Weirdness & Mutations

You are very small and have problems with some larger weapons.
You are too small for most types of armour.
You have supernaturally acute eyesight. (SInv)
You are a herbivore.
You cover ground extremely quickly.
You need consume almost no food.


Message History

A hobgoblin comes into view. It is wielding a club.
The hobgoblin shouts!
Unknown command.
You hit the hobgoblin but do no damage.
The hobgoblin is moderately wounded.
You see here a rapier.
The orc wizard casts a spell at you. The magic dart hits you!
The orc wizard miscasts a cantrip.
You start resting.
The orc wizard gestures at you while chanting.
The puff of flame hits you!
Ouch! That really hurt!
Unknown command.
There is an open door here.
You close the door.
An orc wizard opens the door.
The orc wizard points at you and mumbles some strange words.
The puff of flame hits you!
You die...

..##.......####### ######
..##.............. ....#
..#>.............. ...#
†.#........################..# ##
..#......g................#..# #.
..#.#....#o...(.......†...'..# #.
#.#.#....#................#..###.
#.#......#..#'##########..#......
#.###....#..#.o.@......#..#..####
#.# #....#..#..#######.#..#......
#.###....#..#..# #..#..####
#....†.o.#..#..# #..#..##..
#####....#..#..# #..#..##.# #
#....#..#..# #..#..##.# #
#...g#..#..# #..#..##.#
#....#..#..# #..#..##.# #....#..#
#..#..##.#


You could see an orc wizard.

Vanquished Creatures
  An iguana (D:2)
  4 gnolls (D:2)
  6 adders
  7 leopard geckos
  4 giant cockroaches
  5 goblins
  5 hobgoblins
  3 jackals (D:2)
  10 kobolds
  2 quokkas (D:2)
  9 bats
  2 frilled lizards
  A rat (D:2)
59 creatures vanquished.

Notes
Turn   | Place    | Note
-------+----------+-------------------------------------------
     0 | D:1      | fly the Spriggan Enchanter began the quest for the Orb.
     0 | D:1      | Reached XP level 1. HP: 9/9 MP: 5/5
   529 | D:1      | Reached skill level 5 in Stealth
   529 | D:1      | Reached XP level 2. HP: 13/13 MP: 6/6
  1344 | D:2      | Learned a level 2 spell: Ensorcelled Hibernation
  1349 | D:2      | Reached XP level 3. HP: 16/16 MP: 8/8
  1361 | D:2      | Found a hide-covered altar of Uskayaw.
  1363 | D:2      | Noticed a dagger
  1364 | D:2      | Noticed a dagger
  1400 | D:2      | Noticed a phantom
  1661 | D:2      | Reached XP level 4. HP: 21/21 MP: 4/9
  2291 | D:2      | Reached skill level 5 in Dodging
  2314 | D:2      | Reached XP level 5. HP: 16/24 MP: 0/10
  2815 | D:3      | Killed from afar by an orc wizard

Skill      XL: |  1  2  3  4  5 |
---------------+----------------+-----
Stealth        | 5 6 |  6.0
Short Blades   | 2 3 |  3.0
Dodging        | 5 6 |  6.0
Spellcasting   | 3 |  3.0
Hexes          | |  3.6

Action                   |  1- 3 |  4- 6 || total
-------------------------+-------+-------++-------
Melee: Dagger            |   162 |    59 ||   221
 Cast: Corona            |    11 |       ||    11
       Ensorcelled Hiber |     2 |    16 ||    18
 Stab: Sleeping          |    13 |    16 ||    29
       Distracted        |       |     1 ||     1
Armor: Robe              |    14 |     2 ||    16
Dodge: Dodged            |   104 |    36 ||   140
